 Dungeon Crawl Stone Soup version 0.29-a0-330-g52719c12eb (webtiles) character file.

Game seed: 6657941380840533520

102 Lauz the Poker (level 4, 0/34 HPs)
             Began as a Merfolk Gladiator on May 28, 2022.
             Slain by an iguana (10 damage)
             ... on level 3 of the Dungeon.
             The game lasted 00:06:23 (2917 turns).

Lauz the Poker (Merfolk Gladiator)                  Turns: 2917, Time: 00:06:24

Health: 0/34       AC:  6    Str: 16    XL:     4   Next: 78%
Magic:  4/4        EV: 13    Int:  7    God:
Gold:   146        SH:  0    Dex: 15    Spells: 3/3 levels left

rFire   . . .      SeeInvis .   q - +0 halberd
rCold   . . .      Faith    .   (shield currently unavailable)
rNeg    . . .      Spirit   .   b - +0 leather armour
rPois   .          Reflect  .   c - +0 helmet
rElec   .          Harm     .   p - +1 cloak {Will+}
rCorr   .          Rampage  .   (no gloves)
Will    +....                   (no boots)
Stlth   +.........              (no amulet)
HPRegen 0.11/turn               (no ring)
MPRegen 0.09/turn               (no ring)

@: no status effects
A: (nimble swimmer 2), mertail
a: no special abilities


You were on level 3 of the Dungeon.
You visited 1 branch of the dungeon, and saw 3 of its levels.

You collected 146 gold pieces.

Inventory:

Hand Weapons
 a - a +0 trident
 l - a +1 vorpal spear
 q - a +0 halberd (weapon)
Missiles
 d - 4 throwing nets (quivered)
 e - a javelin
Armour
 b - a +0 leather armour (worn)
 c - a +0 helmet (worn)
 p - a +1 cloak of willpower (worn)
Magical Staves
 r - a staff of conjuration
Scrolls
 f - 3 scrolls of identify {unknown}
 g - a scroll of teleportation {unknown}
 h - 2 scrolls of immolation {unknown}
 j - 4 scrolls of enchant weapon {unknown}
 m - a scroll of noise {unknown}
Potions
 i - 3 potions of curing {unknown}
 k - 2 potions of might {unknown}
 n - a potion of degeneration {unknown}
 o - a potion of lignification {unknown}


   Skills:
 + Level 2.4 Fighting
 * Level 5.9 Polearms
 - Level 2.0 Throwing
 - Level 1.0 Armour
 * Level 4.8 Dodging
 + Level 0.1 Stealth


You had 3 spell levels left.
You didn't know any spells.
Your spell library contained the following spells:

 Spells                   Type           Power      Damage    Failure   Level
 Slow                     Hex            0%         N/A       50%         1
 Confusing Touch          Hex            0%         N/A       86%         3
 Vampiric Draining        Necr           0%         2d6       86%         3


Dungeon Overview and Level Annotations

Branches:
Dungeon (3/15)

Altars:


Innate Abilities, Weirdness & Mutations

((You are very nimble when in or above water. (Stealth+, EV+, Speed+++)))
Your lower body shifts to a powerful aquatic tail in water.


Message History

You kill the dart slug!
You see here a dart slug corpse.
A giant cockroach comes into view.
You see here 12 gold pieces.
A giant cockroach is nearby!
You reach to attack!
You barely miss the giant cockroach. You closely miss the giant cockroach.
The giant cockroach closely misses you. The giant cockroach misses you.
You hit the giant cockroach.
You kill the giant cockroach!
You now have 146 gold pieces (gained 12).
A kobold comes into view. It is wielding a +0 whip.
A kobold is nearby!
The kobold shouts!
An iguana comes into view.
You reach to attack!
You hit the kobold.
You kill the kobold!
The iguana hisses menacingly.
You reach to attack!
You closely miss the iguana. You closely miss the iguana.
The iguana completely misses you. The iguana barely misses you.
You barely miss the iguana.
A worm comes into view.
The iguana closely misses you.
You hit the iguana but do no damage. The iguana bites you.
You barely miss the iguana.
The iguana bites you but does no damage.
You hit the iguana but do no damage. The iguana misses you.
You barely miss the iguana.
The iguana bites you but does no damage.
The iguana closely misses you.
You hit the iguana but do no damage. The iguana bites you!
You barely miss the iguana. The iguana bites you!
* * * LOW HITPOINT WARNING * * *
You see here a giant cockroach corpse.
The iguana attacks as you move away! The iguana completely misses you.
You see here a dart slug corpse.
The iguana attacks as you move away! The iguana misses you.
The iguana attacks as you move away! The iguana bites you!
You die...

##### #.##....(........ #...#
#....#####...#### #####+#.#.#
#..# #.###.#.##.# ........#†#
..# #.##.###.#.#
.....)!.#.#####.###.#.#####..#
........w.....#..##.#........#
............†....##.#.........
...........##l##..#.#..#######
.......##.###@###.#......#
....... #................#
....... #####.###.#......#
....... #.# #........# .....
... ##.......# ... #.......#
... #.>.....# #.... #.......#
#.......#


You could see an iguana.

Vanquished Creatures
  2 adders (D:2)
  4 gnolls (D:2)
  2 dart slugs
  4 bats
  5 endoplasms
  2 giant cockroaches
  2 goblins (D:1)
  2 hobgoblins (D:1)
  3 jackals (D:2)
  3 ball pythons
  4 frilled lizards
  6 kobolds
  3 rats
42 creatures vanquished.

Notes
Turn   | Place    | Note
-------+----------+-------------------------------------------
     0 | D:1      | Lauz the Merfolk Gladiator began the quest for the Orb.
     0 | D:1      | Reached XP level 1. HP: 16/16 MP: 1/1
   142 | D:1      | Reached XP level 2. HP: 22/22 MP: 2/2
   283 | D:1      | Found a faded altar of an unknown god.
  1011 | D:1      | Reached skill level 5 in Polearms
  1011 | D:1      | Reached XP level 3. HP: 27/27 MP: 3/3
  2003 | D:2      | Reached XP level 4. HP: 23/34 MP: 4/4
  2152 | D:2      | Reached skill level 1 in Armour
  2917 | D:3      | Slain by an iguana

Illustrated notes

Levels and vault maps discovered:
D:1:      wander_arrival_fairy_ring, layout_basic,
          shapermc_ecumenical_altar_venn
D:2:      layout_basic, serial_rivers, chequers_serial_rivers_micro_d,
          chequers_serial_rivers_micro_a, chequers_serial_rivers_micro_b,
          chequers_serial_rivers_micro_e, chequers_serial_rivers_micro_b,
          chequers_serial_rivers_micro_c
D:3:      layout_basic, serial_shops, nicolae_shop_bloodbath_and_beyond,
          minmay_stone_trees_small, hex_intersection

Skill      XL: |  1  2  3  4 |
---------------+-------------+-----
Polearms       | 5 |  5.9
Armour         | 1 |  1.0
Fighting       | |  2.4
Throwing       | |  2.0
Dodging        | |  4.8
Stealth        | |  0.1

Action                   |  1- 3 |  4- 6 || total
-------------------------+-------+-------++-------
Melee: Trident           |    39 |       ||    39
       Spear             |    56 |    20 ||    76
       Halberd           |       |    21 ||    21
       Tailslap          |       |     1 ||     1
Armor: Leather armour    |    14 |    18 ||    32
Dodge: Dodged            |    39 |    33 ||    72

Table legend: (Time is in decaauts)
 A = Elapsed time spent in this place.
 B = Non-inter-level travel time spent in this place.
 C = Inter-level travel time spent in this place.
 D = Time resting spent in this place.
 E = Time spent auto-exploring this place.
 F = Levels seen in this place.
 G = Mean time per level.
                   A        B        C        D        E       F      G
               +--------+--------+--------+--------+--------+-----+--------+
         Total |   2905 |   2797 |    108 |    292 |   2092 |   3 |  968.3 |
       Dungeon |   2905 |   2797 |    108 |    292 |   2092 |   3 |  968.3 |
               +--------+--------+--------+--------+--------+-----+--------+

Top non-repeatable levels by time:
     D:2: 1596 daAuts
     D:1: 1173 daAuts
     D:3: 135 daAuts
